 Dungeon Crawl Stone Soup version 0.24.0-123-gd5b16e6ec5 (webtiles) character file.

Game seed: 3605436204829976258, levelgen mode: deterministic

90 Descartes the Gusty (level 4, 0/21 HPs)
             Began as a Spriggan Air Elementalist on Jan 12, 2020.
             Killed from afar by an orc wizard (10 damage)
             ... with a magic dart
             ... on level 3 of the Dungeon.
             The game lasted 00:06:11 (3619 turns).

Descartes the Gusty (Spriggan Air Elementalist)     Turns: 3619, Time: 00:06:13

Health: 0/21       AC:  2    Str:  4    XL:     4   Next: 32%
Magic:  5/10       EV: 18    Int: 17    God:
Gold:   108        SH:  0    Dex: 16    Spells: 9/10 levels left

rFire    . . .     SeeInvis +   l - +0 dagger
rCold    . . .     Gourm    .   (shield restricted)
rNeg     . . .     Faith    .   a - +0 robe
rPois    .         Spirit   .   (helmet restricted)
rElec    .         Reflect  .   (no cloak)
rCorr    .         Harm     .   (gloves unavailable)
MR       .....                  (boots unavailable)
Stlth    +++.......             (no amulet)
HPRegen  0.07/turn              (no ring)
MPRegen  0.12/turn              (no ring)

@: very quick
A: very small, unfitting armour, see invisible, herbivore, speed 3, slow
metabolism 2
a: no special abilities


You were on level 3 of the Dungeon.
You were not hungry.

You visited 1 branch of the dungeon, and saw 3 of its levels.

You collected 108 gold pieces.

Inventory:

Hand Weapons
 l - a +0 dagger (weapon)
Missiles
 b - 56 stones (quivered)
 d - 65 arrows
 f - 13 sling bullets
 k - 17 poisoned darts
Armour
 a - a +0 robe (worn)
Jewellery
 m - an uncursed ring of protection from magic
Scrolls
 g - 6 scrolls of identify {unknown}
 h - 2 scrolls of fear {unknown}
 j - a scroll of enchant weapon {unknown}
 p - a scroll of random uselessness {unknown}
Potions
 e - 2 potions of resistance {unknown}
 i - a potion of brilliance {unknown}
 n - a potion of degeneration {unknown}
 o - a potion of might {unknown}
Comestibles
 c - 5 rations


   Skills:
 + Level 0.0 Fighting
 + Level 0.1 Short Blades
 + Level 0.0 Armour
 + Level 3.1 Dodging
 + Level 3.5 Stealth
 + Level 3.5 Spellcasting
 * Level 1.0 Conjurations
 * Level 3.9 Air Magic


You had 9 spell levels left.
You knew the following spells:

 Your Spells              Type           Power        Failure   Level  Hunger
a - Shock                 Conj/Air       ##..         6%          1    None

Your spell library contained the following spells:

 Spells                   Type           Power        Failure   Level  Hunger
 Swiftness                Chrm/Air       #.......     11%         2    ##.....
 Static Discharge         Conj/Air       ##......     19%         3    ###....
 Airstrike                Air            ###.......   32%         4    ####...
 Lightning Bolt           Conj/Air       ##........   86%         5    ######.


Dungeon Overview and Level Annotations

Branches:
Dungeon (3/15)

Altars:
Trog


Innate Abilities, Weirdness & Mutations

You are very small and have problems with some larger weapons.
You are too small for most types of armour.
You have supernaturally acute eyesight. (SInv)
You are a herbivore.
You cover ground extremely quickly.
You need to consume almost no food.


Message History

The orc wizard is severely wounded.
The zap hits the orc.
The orc is severely wounded.
The leopard gecko barely misses you.
The leopard gecko completely misses you.
The orc wizard gestures at you while chanting.
The puff of flame hits you!
Casting: Shock (safe; 6% risk of failure)
Confirm with . or Enter, or press ? or * to list all spells.
Aiming: Shock (safe; 6% risk of failure)
Press: ? - help, Shift-Dir - straight line, f/p - orc
Aim: an orc, wielding a +0 dagger and wearing a +0 leather armour (severely wounded)
The zap hits the orc wizard.
The orc wizard is almost dead.
The zap hits the orc.
You kill the orc!
The zap misses the orc wizard.
The leopard gecko bites you.
The orc wizard gestures at you while chanting.
The magic dart hits you!
You die...

..# #.#
#.# ...
#.# #=#
###.###l#
.))o)o.@#
###.#####


You could see 2 orc wizards and a leopard gecko.

Vanquished Creatures
  A howler monkey (D:2)
  An adder (D:2)
  2 worms (D:2)
  2 dart slugs
  3 leopard geckos (D:2)
  3 orcs (D:3)
  2 bats
  2 giant cockroaches
  A goblin (D:2)
  2 hobgoblins (D:2)
  2 jackals (D:1)
  4 kobolds (D:2)
  A quokka (D:2)
  A frilled lizard (D:1)
  3 rats
30 creatures vanquished.

Notes
Turn   | Place    | Note
-------+----------+-------------------------------------------
     0 | D:1      | Descartes the Spriggan Air Elementalist began the quest for
                  | the Orb.
     0 | D:1      | Reached XP level 1. HP: 9/9 MP: 5/5
   568 | D:1      | Reached XP level 2. HP: 13/13 MP: 4/6
  1145 | D:2      | Noticed a howler monkey
  1645 | D:2      | Killed a howler monkey
  1645 | D:2      | Reached XP level 3. HP: 5/16 MP: 1/8
  2389 | D:2      | Reached skill level 1 in Conjurations
  2389 | D:2      | Reached XP level 4. HP: 21/21 MP: 5/9
  2588 | D:2      | Found a bloodstained altar of Trog.
  3189 | D:2      | Found a bloodstained altar of Trog.
  3619 | D:3      | Killed from afar by an orc wizard

Levels and vault maps discovered:
D:1:      dpeg_arrival_rooms_b, layout_basic, chequers_serial_rivers_large_a
D:2:      layout_basic, nicolae_overflow_crystal_walls, first_ration
D:3:      layout_loops_ring, lemuel_crystal_altar, uniq_natasha,
          uniq_crazy_yiuf_cottage, uniq_terence, uniq_sigmund

Skill      XL: |  1  2  3 |
---------------+----------+-----
Air Magic      | 3 |  3.9
Spellcasting   | 3 |  3.5
Conjurations   | 1 |  1.0
Short Blades   | |  0.1
Dodging        | |  3.1
Stealth        | |  3.5

Action                   |  1- 3 |  4- 6 || total
-------------------------+-------+-------++-------
Melee: Unarmed           |     1 |       ||     1
       Dagger            |    15 |       ||    15
 Cast: Shock             |    61 |    47 ||   108
 Stab: Sleeping          |     1 |       ||     1
Armor: Robe              |     1 |     1 ||     2
Dodge: Dodged            |    11 |     6 ||    17
